 Dungeon Crawl Stone Soup version 0.20.1-1-g8b1a95d (webtiles) character file.

3585 Ladykiller69 the Thaumaturge (level 9, 0/45 HPs)
             Began as a Deep Elf Fire Elementalist on July 7, 2017.
             Was a Follower of Vehumet.
             Slain by a centaur warrior (13 damage)
             ... on level 8 of the Dungeon.
             The game lasted 00:36:07 (10107 turns).

Ladykiller69 the Thaumaturge (DEFE)                Turns: 10107, Time: 00:36:08

Health: 0/45       AC:  2    Str:  5    XL:     9   Next: 85%
Magic:  3/25       EV: 13    Int: 24    God:    Vehumet [*.....]
Gold:   627        SH:  0    Dex: 15    Spells: 6/28 levels left

rFire    . . .     SeeInvis .   x - +0 spear
rCold    . . .     Gourm    .   (no shield)
rNeg     . . .     Faith    .   a - +0 robe
rPois    .         Spirit   .   (no helmet)
rElec    .         Reflect  .   (no cloak)
rCorr    .         Harm     .   (no gloves)
MR       .....                  (no boots)
Stlth    ++........             (no amulet)
Regen    0.2/turn               (no ring)
MPRegen  0.2/turn               (no ring)

@: no status effects
A: no striking features
a: Renounce Religion


You were on level 8 of the Dungeon.
You worshipped Vehumet.
Vehumet was aware of your devotion.
You were not hungry.

You visited 2 branches of the dungeon, and saw 10 of its levels.
You also visited: Ossuary.

You collected 627 gold pieces.

Inventory:

Hand Weapons
 x - a +0 spear (weapon)
Armour
 a - a +0 robe (worn)
 w - a +0 buckler
 z - a +2 shield
Jewellery
 k - a +5 ring of dexterity {unknown}
 F - a +6 amulet of reflection {unknown}
Wands
 s - a wand of acid (9/15)
 y - a wand of acid (8/15)
 B - a wand of disintegration (9/24)
 P - a wand of confusion (30/48)
Scrolls
 d - 4 scrolls of amnesia
 g - a scroll of random uselessness
 h - 2 scrolls of magic mapping
 j - a scroll of blinking
 m - 2 scrolls of recharging
 p - a scroll of teleportation
 q - a scroll of identify
 r - 2 scrolls of noise
 A - a scroll of torment {unknown}
 C - a scroll of enchant weapon {unknown}
 E - 2 scrolls of enchant armour {unknown}
 O - a scroll of fog {unknown}
Potions
 e - 3 potions of curing
 f - a potion of degeneration {unknown}
 i - 3 potions of mutation {unknown}
 n - 2 potions of lignification {unknown}
 o - 4 potions of magic {unknown}
 t - a potion of haste {unknown}
 D - 3 potions of agility {unknown}
 H - a potion of cancellation {unknown}
 I - a potion of berserk rage {unknown}
 J - 3 potions of brilliance {unknown}
 K - a potion of invisibility {unknown}
 L - 3 potions of flight {unknown}
Books
 b - a book of Flames

   Spells                             Type                      Level
   a - Flame Tongue                   Conjuration/Fire             1
   b - Throw Flame                    Conjuration/Fire             2
   c - Conjure Flame                  Conjuration/Fire             3
   d - Inner Flame                    Hexes/Fire                   3
   e - Sticky Flame                   Conjuration/Fire             4
   f - Fireball                       Conjuration/Fire             5
 v - a book of Minor Magic

   Spells                             Type                      Level
   a - Magic Dart                     Conjuration                  1
   b - Blink                          Translocation                2
   c - Call Imp                       Summoning                    2
   d - Slow                           Hexes                        2
   e - Conjure Flame                  Conjuration/Fire             3
   f - Mephitic Cloud                 Conjuration/Poison/Air       3
 G - a book of Conjurations

   Spells                             Type                      Level
   a - Magic Dart                     Conjuration                  1
   b - Searing Ray                    Conjuration                  2
   c - Dazzling Spray                 Conjuration/Hexes            3
   d - Fulminant Prism                Conjuration/Hexes            4
   e - Force Lance                    Conjuration/Translocation    4
   f - Iskenderun's Mystic Blast      Conjuration                  4
Comestibles
 c - 4 bread rations
 l - 3 meat rations
 u - 5 fruits
 M - 5 chunks of flesh
 N - 2 royal jellies


   Skills:
 - Level 3.2 Dodging
 - Level 3.0 Stealth
 - Level 10.0 Spellcasting
 * Level 9.1 Conjurations
 + Level 0.7 Translocations
 * Level 9.6 Fire Magic
 + Level 1.0 Air Magic
 + Level 0.7 Poison Magic


You had 6 spell levels left.
You knew the following spells:

 Your Spells              Type           Power        Failure   Level  Hunger
a - Flame Tongue          Conj/Fire      #####        1%          1    None
b - Throw Flame           Conj/Fire      ######       1%          2    None
c - Conjure Flame         Conj/Fire      ######..     1%          3    None
d - Sticky Flame          Conj/Fire      ######..     1%          4    #......
e - Blink                 Tloc           N/A          6%          2    None
f - Mephitic Cloud        Conj/Pois/Air  ####....     3%          3    None
g - Call Imp              Summ           ##......     8%          2    None
h - Fireball              Conj/Fire      ######....   3%          5    ####...


Dungeon Overview and Level Annotations

Branches:
Dungeon (9/15)             Temple (1/1) D:7
   Lair: D:8-11         Orc: D:9-12

Altars:
Ashenzari
Cheibriados
Dithmenos
Elyvilon
Fedhas
Gozag
Hepliaklqana
Kikubaaqudgha
Makhleb
Nemelex Xobeh
Okawaru
Qazlal
Ru
Sif Muna
Trog
Uskayaw
Vehumet
Xom
Yredelemnul
Zin
The Shining One

Shops:
D:6 :=[=[   D:7 (   D:8 =

Annotations:
D:8 exclusion: downstairs


Message History

The centaur warrior burns!
The centaur warrior hits you!
* * * LOW HITPOINT WARNING * * *
Casting: Sticky Flame
Confirm with . or Enter, or press ? or * to list all spells.
Okay, then.
Unknown command.
Casting: Sticky Flame
Confirm with . or Enter, or press ? or * to list all spells.
Aiming: Sticky Flame
Press: ? - help, Shift-Dir - straight line, f/p - centaur warrior
Aim: a centaur warrior (moderately wounded, covered in liquid flames)
The sticky flame hits the centaur warrior.
The centaur warrior is moderately wounded.
The centaur warrior is covered in liquid flames!
The centaur warrior burns!
The centaur warrior closely misses you.
It was a potion of curing.
You feel better.
The centaur warrior burns!
The centaur warrior hits you!
* * * LOW HITPOINT WARNING * * *
The centaur warrior hits you!
You die...

#.# #.# ##.# #..#
#..# #..# #.##
##############.#
#....>c@.......##
##....#.........#####
#....#######.......##
#....# ##........#
#....# #.....>...# #
#....# ##........####
#....# #.........##..
##...# #.............
##..# ##.......##.)##


You could see a centaur warrior (burning).

Vanquished Creatures
  2 hippogriffs
  A hungry ghost (D:8)
  Menkaure (D:6)
  The ghost of rafael the Gusty, an amateur HaAE of Okawaru (D:4)
  An orc warrior (D:8)
  2 ogres
  A phantom (D:6)
  2 ice beasts (D:8)
  4 centaurs
  The ghost of miragecloak the Cudgeler, an amateur FoAK of Lugonu (D:8)
  2 big kobolds (D:8)
  7 bullfrogs
  4 scorpions
  A howler monkey (D:5)
  3 orc priests
  3 hounds
  3 bullfrog skeletons
  2 iguanas (D:6)
  6 orc wizards
  8 worker ants
  2 hound zombies
  A hound skeleton (D:6)
  2 worker ant zombies (D:8)
  8 mummies (Ossuary)
  11 adders
  4 gnolls (D:8)
  A shadow imp (D:6)
  An ooze (D:2)
  An adder zombie (D:5)
  5 worms
  An adder skeleton (D:6)
  3 leopard geckos
  38 orcs
  5 giant cockroaches
  4 goblins
  9 hobgoblins
  9 jackals
  5 quokkas
  A ball python (D:1)
  6 bats
  2 frilled lizards (D:2)
  2 hobgoblin zombies (Ossuary)
  22 kobolds
  3 kobold zombies (Ossuary)
  A leopard gecko skeleton (D:4)
  3 orc zombies (Ossuary)
  2 quokka skeletons
  10 rats
217 creatures vanquished.

Notes
Turn   | Place    | Note
-------+----------+-------------------------------------------
     0 | D:1      | Ladykiller69 the Deep Elf Fire Elementalist began the quest for the Orb.
     0 | D:1      | Reached XP level 1. HP: 10/10 MP: 6/6
   326 | D:1      | Reached XP level 2. HP: 14/15 MP: 1/8
   982 | D:2      | Reached XP level 3. HP: 19/19 MP: 5/9
  1696 | D:3      | Reached XP level 4. HP: 24/24 MP: 8/11
  1843 | D:3      | Learned a level 2 spell: Throw Flame
  1847 | D:3      | Learned a level 3 spell: Conjure Flame
  2134 | D:3      | Reached skill level 4 in Spellcasting
  2713 | D:4      | Reached XP level 5. HP: 22/28 MP: 1/13
  2773 | D:4      | Noticed rafael's ghost (amateur HaAE)
  2868 | D:4      | Noticed an ogre
  2894 | D:4      | Killed an ogre
  2894 | D:4      | Reached skill level 5 in Fire Magic
  3022 | D:4      | Reached skill level 5 in Spellcasting
  3022 | D:4      | Reached XP level 6. HP: 27/32 MP: 6/15
  3255 | D:4      | Killed rafael's ghost
  3458 | D:4      | Learned a level 4 spell: Sticky Flame
  3820 | D:5      | Entered Level 5 of the Dungeon
  3949 | D:5      | Reached skill level 6 in Spellcasting
  3949 | D:5      | Reached XP level 7. HP: 35/36 MP: 12/18
  4461 | D:5      | Found a blossoming altar of Fedhas.
  4461 | D:5      | Found a shattered altar of Ashenzari.
  5348 | D:6      | Found Reummir's Armour Shop.
  5352 | D:6      | Noticed a hippogriff
  5447 | D:6      | Reached skill level 5 in Conjurations
  5451 | D:6      | Learned a level 2 spell: Blink
  5502 | D:6      | HP: 1/36 [bullfrog (7)]
  6107 | D:6      | Reached skill level 7 in Spellcasting
  6113 | D:6      | Killed a hippogriff
  6113 | D:6      | Reached XP level 8. HP: 20/41 MP: 13/21
  6302 | D:6      | Learned a level 3 spell: Mephitic Cloud
  6305 | D:6      | Learned a level 2 spell: Call Imp
  6495 | D:6      | Found Atutz's Jewellery Emporium.
  6503 | D:6      | Noticed Menkaure
  6514 | D:6      | Killed Menkaure
  6514 | D:6      | Reached skill level 8 in Spellcasting
  7032 | D:6      | Found Ixuonnei's Jewellery Shoppe.
  7047 | D:6      | Learned a level 5 spell: Fireball
  7059 | D:6      | Found Emips's Armour Shop.
  7178 | D:6      | Reached skill level 9 in Spellcasting
  7178 | D:6      | Reached XP level 9. HP: 42/45 MP: 16/24
  7200 | D:6      | Found Metojo Ewoph's Book Shoppe.
  7327 | D:7      | Found a sand-covered staircase.
  7342 | Ossuary  | Entered an ossuary
  7890 | D:7      | Found a staircase to the Ecumenical Temple.
  7896 | Temple   | Entered the Ecumenical Temple
  8014 | Temple   | Became a worshipper of Vehumet
  8199 | D:7      | Found Doxuvut's Antique Weapon Boutique.
  8626 | D:8      | Found Egoc's Jewellery Boutique.
  9001 | D:8      | Noticed miragecloak's ghost (amateur FoAK)
  9005 | D:8      | Killed miragecloak's ghost
  9008 | D:8      | Found a basalt altar of Yredelemnul.
  9329 | D:8      | Reached * piety under Vehumet
  9329 | D:8      | Offered knowledge of Shock by Vehumet.
  9518 | D:8      | Reached skill level 10 in Spellcasting
  9964 | D:8      | Offered knowledge of Freeze by Vehumet.
  9964 | D:8      | Reached skill level 1 in Air Magic
 10079 | D:9      | Noticed a two-headed ogre
 10087 | D:9      | Noticed a two-headed ogre
 10105 | D:8      | Noticed a centaur warrior
 10107 | D:8      | Slain by a centaur warrior

Skill      XL: |  1  2  3  4  5  6  7  8  9 |
---------------+----------------------------+-----
Dodging        | 3 |  3.2
Fire Magic     | 4 5 6 8 9 |  9.6
Stealth        | 3 |  3.0
Conjurations   | 2 3 4 5 7 9 |  9.1
Spellcasting   | 4 5 6 7 9 10 | 10.0
Air Magic      | 1 |  1.0
Translocations | |  0.7
Poison Magic   | |  0.7

Action                   |  1- 3 |  4- 6 |  7- 9 || total
-------------------------+-------+-------+-------++-------
 Cast: Flame Tongue      |    68 |    38 |   263 ||   369
       Throw Flame       |       |    69 |    97 ||   166
       Conjure Flame     |       |     1 |     2 ||     3
       Sticky Flame      |       |     1 |     9 ||    10
       Blink             |       |       |    13 ||    13
       Mephitic Cloud    |       |       |     7 ||     7
       Call Imp          |       |       |    13 ||    13
       Fireball          |       |       |     4 ||     4
  Use: Scroll            |       |       |     7 ||     7
       Potion            |       |       |     1 ||     1
  Eat: Chunk             |     2 |     8 |    15 ||    25
       Royal jelly       |       |       |     2 ||     2
       Fruit             |       |       |     1 ||     1
Armor: Robe              |     4 |       |     4 ||     8
Dodge: Dodged            |    17 |    12 |    79 ||   108
